 Dungeon Crawl Stone Soup version 0.30-a0-534-gdc55766716 (webtiles) character file.

Game seed: 2863720355675713641

4 freelancePsychic the Magician (level 1, -6/13 HPs)
             Began as a Demonspawn Wanderer on Dec 25, 2022.
             Mangled by a kobold
             ... wielding a +0 short sword of electrocution
              (19 damage)
             ... on level 1 of the Dungeon.
             The game lasted 00:00:42 (259 turns).

freelancePsychic the Magician (Demonspawn Wanderer)  Turns: 259, Time: 00:00:42

Health: -6/13      AC:  6    Str: 13    XL:     1   Next: 58%
Magic:  2/4        EV:  9    Int: 15    God:
Gold:   26         SH:  0    Dex:  9    Spells: 5/6 levels left

rFire   . . .      SeeInvis .    a - +0 mace
rCold   . . .      Faith    .    (no shield)
rNeg    . . .      Spirit   .    b - +0 scale mail
rPois   .          Reflect  .    (no helmet)
rElec   .          Harm     .    (no cloak)
rCorr   .          Rampage  .    (no gloves)
Will    .....                    (no boots) Stlth
                                 (no amulet)
HPRegen 0.22/turn                (no ring)
MPRegen 0.09/turn                (no ring)

@: very slightly contaminated
A: no striking features
a: no special abilities


You were on level 1 of the Dungeon.
You visited 1 branch of the dungeon, and saw 1 of its levels.

You collected 26 gold pieces.

Inventory:

Hand Weapons
 a - a +0 mace (weapon)
Armour
 b - a +0 scale mail (worn)
Scrolls
 c - a scroll of silence
 d - a scroll of identify {unknown}


   Skills:
 - Level 1.0 Maces & Flails
 - Level 2.6 Armour
 - Level 1.0 Dodging
 - Level 3.0 Spellcasting
 + Level 0.7 Conjurations
 + Level 2.0 Fire Magic


You had 5 spell levels left.
You knew the following spells:

 Your Spells              Type           Power      Damage    Failure   Level
a - Foxfire               Conj/Fire      24%        2x1d5     45%         1

Your spell library contained the following spells:

 Spells                   Type           Power      Damage    Failure   Level
 Inner Flame              Hex/Fire       5%         N/A       87%         3
 Sticky Flame             Conj/Fire      6%         2d3       99%         4


Dungeon Overview and Level Annotations

Branches:
Dungeon (1/15)

Altars:


Message History

You kill the rat!
No target in view!
No target in view!
No target in view!
No target in view!
No target in view!
No target in view!
No target in view!
No target in view!
No target in view!
No target in view!
No target in view!
No target in view!
No target in view!
HP restored.
You see here a hobgoblin corpse.
You open the door.
Found a stone staircase leading down.
There is an open door here.
Found 5 stones.
A kobold comes into view.
It is wielding a +0 short sword of electrocution.
The kobold shouts!
A kobold is nearby!
A kobold is nearby!
Casting: Foxfire (safe; 45% risk of failure)
Confirm with . or Enter, or press ? or * to list all spells.
You miscast Foxfire.
You are very lightly contaminated with residual magic.
Nothing appears to happen.
Casting: Foxfire (safe; 45% risk of failure)
Confirm with . or Enter, or press ? or * to list all spells.
You conjure some foxfire!
The kobold hits you but does no damage.
You closely miss the kobold.
The foxfire hits the kobold.
The kobold is severely wounded.
The kobold barely misses you.
You closely miss the kobold.
The kobold is severely wounded.
The kobold hits you but does no damage.
You are electrocuted!!
Ouch! That really hurt!
You die...

#.##..###.#.......##
#..# #.##.....##
#.## #.###...## #
#.# #.# ##'##
#.##.####.# #.#
#.........# #.#
####.###### ##.#####
#.########...##..
#@K.....#.....#.#
#######.##...##.#
#.###.###.##
#...........
#########.## #.##
#... ####


You could see a kobold.

Vanquished Creatures
  An endoplasm (D:1)
  A hobgoblin (D:1)
  A ball python (D:1)
  A bat (D:1)
  A rat (D:1)
5 creatures vanquished.

Vanquished Creatures (others)
  9 foxfires (D:1)
9 creatures vanquished.

Grand Total: 14 creatures vanquished

Notes
Turn   | Place    | Note
-------+----------+-------------------------------------------
     0 | D:1      | freelancePsychic the Demonspawn Wanderer began the quest
                  | for the Orb.
     0 | D:1      | freelancePsychic set off with the following items: a +0
                  | mace, a +0 scale mail, a scroll of silence; and the
                  | following spell memorised: Foxfire; and the following
                  | spells available to memorise: Inner Flame, Sticky Flame.
     0 | D:1      | Reached XP level 1. HP: 13/13 MP: 4/4
   259 | D:1      | Mangled by a kobold

Illustrated notes

Levels and vault maps discovered:
D:1:      dpeg_arrival_rhombi, layout_loops_corners, serial_shops,
          shop_fountains, amcnicky_mini_corridor_feature, reono_crystal_passage

Skill      XL: |  1 |
---------------+----+-----
Fire Magic     | 2 |  2.0
Maces & Flails | |  1.0
Armour         | |  2.6
Dodging        | |  1.0
Spellcasting   | |  3.0
Conjurations   | |  0.7

Action                   || total
-------------------------++-------
Melee: Mace              ||     6
 Cast: Foxfire           ||     6
Armor: Scale mail        ||     3
Dodge: Dodged            ||     5

Table legend: (Time is in decaauts)
 A = Elapsed time spent in this place.
 B = Non-inter-level travel time spent in this place.
 C = Inter-level travel time spent in this place.
 D = Time resting spent in this place.
 E = Time spent auto-exploring this place.
 F = Levels seen in this place.
 G = Mean time per level.
                   A        B        C        D        E       F      G
               +--------+--------+--------+--------+--------+-----+--------+
         Total |    260 |    260 |      0 |      0 |    225 |   1 |  260.0 |
       Dungeon |    260 |    260 |      0 |      0 |    225 |   1 |  260.0 |
               +--------+--------+--------+--------+--------+-----+--------+

Top non-repeatable levels by time:
     D:1: 260 daAuts
